 Dungeon Crawl Stone Soup version 0.23.2 (webtiles) character file.

Game seed: 10689985548279643663

930 Peloso the Slasher (level 7, -2/61 HPs)
             Began as a Minotaur Fighter on Apr 1, 2019.
             Was a Believer of Okawaru.
             Slain by a hell rat (8 damage)
             ... on level 5 of the Dungeon.
             The game lasted 00:08:57 (3814 turns).

Peloso the Slasher (Minotaur Fighter)               Turns: 3814, Time: 00:08:58

Health: -2/61      AC:  9    Str: 21    XL:     7   Next: 86%
Magic:  5/6        EV:  7    Int:  5    God:    Okawaru [**....]
Gold:   373        SH:  9    Dex: 11    Spells: 6/6 levels left

rFire    . . .     SeeInvis .   a - +0 long sword
rCold    . . .     Gourm    .   c - +0 shield
rNeg     . . .     Faith    .   b - +0 scale mail
rPois    .         Spirit   .   h - +1 hat
rElec    .         Reflect  .   (no cloak)
rCorr    .         Harm     .   (no gloves)
MR       .....                  x - +0 pair of boots
Stlth    ..........             (no amulet)
HPRegen  0.20/turn              (no ring)
MPRegen  0.10/turn              (no ring)

@: heavily drained
A: retaliatory headbutt, horns 2
a: Heroism, Renounce Religion


You were on level 5 of the Dungeon.
You worshipped Okawaru.
Okawaru was pleased with you.
You were hungry.

You visited 1 branch of the dungeon, and saw 5 of its levels.

You collected 373 gold pieces.

Inventory:

Hand Weapons
 a - a +0 long sword (weapon)
Missiles
 w - 23 bolts
Armour
 b - a +0 scale mail (worn)
 c - a +0 shield (worn)
 h - a +1 hat (worn)
 x - a +0 pair of boots (worn)
Scrolls
 e - 3 scrolls of remove curse {unknown}
 g - 3 scrolls of random uselessness {unknown}
 i - 3 scrolls of fog {unknown}
 l - a scroll of enchant armour {unknown}
 n - a scroll of noise {unknown}
 p - 7 scrolls of identify {unknown}
 s - 5 scrolls of amnesia {unknown}
 u - 4 scrolls of teleportation {unknown}
 v - a scroll of magic mapping {unknown}
 y - 2 scrolls of enchant weapon {unknown}
 A - a scroll of fear {unknown}
Potions
 d - a potion of might
 j - 3 potions of heal wounds
 k - 2 potions of brilliance {unknown}
 m - a potion of invisibility {unknown}
 o - 2 potions of flight {unknown}
 q - 2 potions of berserk rage {unknown}
 r - a potion of ambrosia {unknown}
 t - a potion of curing {unknown}
 z - a potion of mutation {unknown}
 B - a potion of agility {unknown}
Comestibles
 f - 11 rations


   Skills:
 + Level 5.1(3.4) Fighting
 + Level 6.9(5.1) Long Blades
 + Level 6.4(4.7) Armour
 + Level 2.1(0.6) Dodging
 + Level 0.5(0.0) Stealth
 + Level 6.0(4.3) Shields
 + Level 0.1(0.0) Invocations


You had 6 spell levels left.
You didn't know any spells.
Your spell library contained the following spells:

 Spells                   Type           Power        Failure   Level  Hunger
 Corona                   Hex            #......      99%         1    ##.....
 Slow                     Hex            #.......     100%        2    ###....
 Inner Flame              Hex/Fire       #.......     100%        3    ####...
 Portal Projectile        Hex/Tloc       #.....       100%        3    ####...
 Cause Fear               Hex            #.........   100%        4    #####..
 Leda's Liquefaction      Hex/Erth       #.........   100%        4    #####..


Dungeon Overview and Level Annotations

Branches:
Dungeon (5/15)             Temple (0/1) D:4

Altars:
Fedhas
Kikubaaqudgha
Nemelex Xobeh
Okawaru
Qazlal
Zin

Annotations:
D:4 exclusion: oklob plant


Innate Abilities, Weirdness & Mutations

You reflexively headbutt those who attack you in melee.
You have a pair of horns on your head.


Message History

You closely miss the hell rat. Your headbutt misses the hell rat.
The hell rat bites you!
* * * LOW HITPOINT WARNING * * *
You feel drained.
* * * LOW HITPOINT WARNING * * *
Unknown command.
You hit the hell rat but do no damage. You headbutt the hell rat.
The hell rat is lightly wounded.
You feel like a meek peon again. You block the hell rat's attack.
Unknown command.
You closely miss the hell rat.
The hell rat is lightly wounded.
You block the hell rat's attack. The hell rat closely misses you.
Unknown command.
You closely miss the hell rat.
You headbutt the hell rat, but do no damage.
The hell rat is lightly wounded.
The hell rat bites you!
You die...

..#.## ####.........#..........#.
..#..###............##.........##
#....#..........#................
####.#.........................#.
#................##...........
#.##.###†##.##...##.........##
#....#..###########...........
###.##..###.......###....>....
#.##.##...#@..##..####......
#.#.##.#.#r#######.#.#...(..
##.##.##...rrr.# ##.##......
#####..###.##..#rr...####.#......
#.....##..##....#...[##..##......
#######.######......##.###..#####
##.############.## #### #
##.†.#.###.#†.## # ####.#.†.#.###
#


You could see a hell rat and a river rat.

Vanquished Creatures
  Grinder (D:3)
  A phantom (D:4)
  A scorpion (D:5)
  A bullfrog zombie (D:5)
  2 orc priests
  A centaur skeleton (D:4)
  A gnoll shaman (D:5)
  2 orc wizards (D:4)
  Natasha (D:2)
  2 hell rats (D:5)
  A worker ant (D:4)
  A worker ant zombie (D:5)
  9 gnolls
  3 river rats (D:5)
  2 adders (D:2)
  A shadow imp (D:4)
  An ooze (D:4)
  2 adder zombies (D:5)
  An adder skeleton (D:5)
  3 worms
  2 dart slugs (D:1)
  3 leopard geckos
  9 orcs
  A ball python (D:4)
  5 giant cockroaches
  13 goblins
  8 hobgoblins
  7 jackals
  2 quokkas
  10 bats
  8 frilled lizards
  A jackal skeleton (D:4)
  7 kobolds
  20 rats
133 creatures vanquished.

Notes
Turn   | Place    | Note
-------+----------+-------------------------------------------
     0 | D:1      | Peloso the Minotaur Fighter began the quest for the Orb.
     0 | D:1      | Reached XP level 1. HP: 19/19 MP: 0/0
    92 | D:1      | Reached XP level 2. HP: 25/27 MP: 1/1
   392 | D:1      | Reached XP level 3. HP: 33/33 MP: 2/2
   888 | D:2      | Found a sparkling altar of Nemelex Xobeh.
   955 | D:2      | Reached XP level 4. HP: 24/40 MP: 3/3
  1072 | D:2      | Found a glowing silver altar of Zin.
  1195 | D:2      | Noticed Natasha
  1202 | D:2      | Killed Natasha
  1437 | D:3      | Found an iron altar of Okawaru.
  1468 | D:3      | Became a worshipper of Warmaster Okawaru
  1606 | D:3      | Reached XP level 5. HP: 20/47 MP: 4/4
  2274 | D:3      | Noticed Grinder
  2286 | D:3      | Paralysed by Grinder for 3 turns
  2295 | D:3      | Killed Grinder
  2295 | D:3      | Reached skill level 5 in Long Blades
  2295 | D:3      | Reached skill level 5 in Armour
  2295 | D:3      | Reached skill level 1 in Dodging
  2295 | D:3      | Reached skill level 5 in Shields
  2295 | D:3      | Reached XP level 6. HP: 41/53 MP: 5/5
  2443 | D:4      | Reached * piety under Okawaru
  2462 | D:4      | Found a staircase to the Ecumenical Temple.
  2611 | D:4      | Reached XP level 7. HP: 56/60 MP: 3/6
  2911 | D:4      | Found an ancient bone altar of Kikubaaqudgha.
  3171 | D:4      | Found a blossoming altar of Fedhas.
  3183 | D:4      | Noticed an oklob plant
  3237 | D:5      | Entered Level 5 of the Dungeon
  3528 | D:5      | Found a stormy altar of Qazlal.
  3627 | D:5      | Reached ** piety under Okawaru
  3784 | D:5      | Found the +2 ratskin cloak {+Rats rPois rN+ Str-1 Int-1
                  | Dex+1}
  3795 | D:5      | Reached skill level 5 in Fighting
  3814 | D:5      | Slain by a hell rat

Skill      XL: |  1  2  3  4  5  6  7 |
---------------+----------------------+-----
Fighting       | 4 5 |  5.1
Armour         | 4 5 6 |  6.4
Shields        | 4 5 6 |  6.0
Long Blades    | 3 4 5 6 |  6.9
Dodging        | 1 2 |  2.1
Stealth        | |  0.5
Invocations    | |  0.1

Action                   |  1- 3 |  4- 6 |  7- 9 || total
-------------------------+-------+-------+-------++-------
Melee: Long sword        |   103 |   118 |   152 ||   373
       Headbutt          |    14 |    26 |    31 ||    71
Invok: Heroism           |       |     1 |     2 ||     3
  Use: Potion            |       |       |     1 ||     1
  Eat: Chunk             |       |     5 |     4 ||     9
Armor: Scale mail        |    54 |    46 |    31 ||   131
Dodge: Dodged            |    32 |    40 |    56 ||   128
Block: Shield            |    57 |    65 |    70 ||   192
       Rpst.: Long sword |    10 |    12 |    13 ||    35
